 Dungeon Crawl Stone Soup version 0.29.1-15-g9cfb28693d (webtiles) character file.

Game seed: 12827021622458546119

74 tizbic2 the Trooper (level 4, -1/29 HPs)
             Began as a Gargoyle Fighter on Apr 22, 2023.
             Slain by a gnoll
             ... wielding a +0 halberd
              (4 damage)
             ... on level 3 of the Dungeon.
             The game lasted 00:05:54 (1518 turns).

tizbic2 the Trooper (Gargoyle Fighter)              Turns: 1518, Time: 00:05:55

Health: -1/29      AC: 11    Str: 19    XL:     4   Next: 30%
Magic:  6/6        EV:  9    Int: 11    God:
Gold:   49         SH:  4    Dex:  9    Spells: 6/6 levels left

rFire   . . .      SeeInvis .   a - +0 flail
rCold   . . .      Faith    .   c - +0 buckler
rNeg    + . .      Spirit   .   b - +0 scale mail
rPois   ∞          Reflect  .   (no helmet)
rElec   +          Harm     .   g - +0 cloak
rCorr   .          Rampage  .   (no gloves)
Will    .....                   (no boots)
Stlth   ..........              l - amulet of magic regeneration
HPRegen 0.09/turn               (no ring)
MPRegen 0.50/turn               (no ring)

@: no status effects
A: sickness immunity, AC +3, negative energy resistance 1, electricity
resistance, torment resistance 1, petrification resistance
a: no special abilities


You were on level 3 of the Dungeon.
You visited 1 branch of the dungeon, and saw 3 of its levels.

You collected 49 gold pieces.

Inventory:

Hand Weapons
 a - a +0 flail (weapon)
Armour
 b - a +0 scale mail (worn)
 c - a +0 buckler (worn)
 g - a +0 cloak (worn)
 m - a +0 plate armour
Magical Staves
 h - a staff of fire
Jewellery
 l - an amulet of magic regeneration (around neck)
Scrolls
 e - 3 scrolls of identify {unknown}
 j - a scroll of noise {unknown}
 n - a scroll of magic mapping {unknown}
Potions
 d - 2 potions of might
 f - a potion of berserk rage {unknown}
 i - a potion of resistance {unknown}
 k - a potion of lignification {unknown}
 o - a potion of magic {unknown}


   Skills:
 + Level 3.8 Fighting
 - Level 2.1 Maces & Flails
 - Level 3.5 Armour
 - Level 3.5 Shields
 * Level 1.9 Spellcasting
 * Level 1.1 Air Magic


You had 6 spell levels left.
You didn't know any spells.
Your spell library contained the following spells:

 Spells                   Type           Power      Damage    Failure   Level
 Shock                    Conj/Air       8%         1d3       65%         1
 Static Discharge         Conj/Air       2%         3-4/arc   80%         2
 Swiftness                Air            3%         N/A       91%         3
 Stone Arrow              Conj/Erth      2%         3d7       98%         3
 Airstrike                Air            1%         2d(1-17)  100%        4
 Animate Armour           Summ/Erth      2%         N/A       100%        4
 Lightning Bolt           Conj/Air       1%         1d12      100%        5
 Lehudib's Crystal Spear  Conj/Erth      0%         10d2      100%        8
 Maxwell's Capacitive Co  Air            1%         ∞         100%        8


Dungeon Overview and Level Annotations

Branches:
Dungeon (2/15)

Altars:

Shops:
D:2 [


Innate Abilities, Weirdness & Mutations

You are immune to sickness and miasma.
Your stone body is resilient. (AC +3)
You are immune to poison.
You resist negative energy. (rN+)
You are resistant to electric shocks. (rElec)
You are resistant to unholy torment.
You are immune to petrification.


Message History

You hit the hobgoblin.
The hobgoblin is moderately wounded.
You block the gnoll's attack. The hobgoblin hits you.
The gnoll closely misses you. The gnoll hits you but does no damage.
The kobold hits you with a +0 dagger.
You hit the hobgoblin.
You kill the hobgoblin!
You block the kobold's attack. The gnoll barely misses you.
The gnoll closely misses you. The gnoll barely misses you.
The kobold hits you but does no damage.
The gnoll hits you but does no damage. x2
The gnoll closely misses you. The gnoll attacks as you move away!
The gnoll hits you with a +0 club. The kobold attacks as you move away!
The kobold barely misses you.
Okay, then.
You sock the gnoll!
The gnoll is severely wounded.
You block the gnoll's attack. The gnoll hits you with a +0 club.
You hit the gnoll.
You kill the gnoll!
The gnoll hits you but does no damage.
You hit the kobold.
You kill the kobold!
The gnoll hits you from afar with a +0 halberd.
The gnoll hits you but does no damage. The gnoll closely misses you.
The gnoll completely misses you. You block the gnoll's attack.
The gnoll hits you but does no damage.
Items here: )) ††.
You hit the gnoll.
The gnoll is moderately wounded.
The gnoll completely misses you. The gnoll hits you with a +0 spear.
You hit the gnoll.
The gnoll is moderately wounded.
The gnoll hits you with a +0 halberd!
* * * LOW HITPOINT WARNING * * *
The gnoll hits you but does no damage.
You hit the gnoll.
The gnoll is severely wounded.
You block the gnoll's attack. The gnoll closely misses you.
The gnoll hits you with a +0 halberd.
You die...

#.# #.# ## #.# #.#
.. #.#.#.# # ## ###
####.....# .. ..#
#...##.###..
#.###.###.#.........
#........ #...####.#
#....g#####.........
#...rg@......###.#.#
#......#####.......#
#...... #..######
#.##.####. #..# #.##
#r #... #.# .. #.###
#.# .. ... #.# ####
#.# #.# #.


You could see 2 gnolls and a quokka.

Vanquished Creatures
  A gnoll (D:3)
  2 adders (D:2)
  A worm (D:2)
  A dart slug (D:1)
  2 bats
  6 endoplasms
  8 goblins
  2 hobgoblins (D:3)
  4 jackals (D:1)
  A quokka (D:3)
  3 ball pythons (D:1)
  A frilled lizard (D:1)
  3 kobolds
  5 rats
40 creatures vanquished.

Notes
Turn   | Place    | Note
-------+----------+-------------------------------------------
     0 | D:1      | tizbic2 the Gargoyle Fighter began the quest for the Orb.
     0 | D:1      | Reached XP level 1. HP: 14/14 MP: 1/1
   115 | D:1      | Reached XP level 2. HP: 18/19 MP: 2/2
   488 | D:1      | Found a faded altar of an unknown god.
   509 | D:1      | Reached skill level 1 in Spellcasting
   511 | D:1      | Reached XP level 3. HP: 13/23 MP: 4/4
   906 | D:2      | Found Salohasch's Antique Armour Boutique.
  1271 | D:2      | Reached XP level 4. HP: 26/29 MP: 6/6
  1350 | D:2      | You fall into a shaft and drop 1 floor!
  1485 | D:3      | Reached skill level 1 in Air Magic
  1518 | D:3      | Slain by a gnoll

Illustrated notes

Levels and vault maps discovered:
D:1:      heliophobic_arrival_henge, layout_loops_ring,
          shapermc_ecumenical_altar_starsandcircs
D:2:      layout_basic, serial_co_window_serial, co_window_of_opportunity_a,
          co_window_corner_a, co_window_paths_b, co_window_of_opportunity_a,
          co_window_corner_a, co_window_paths_a, co_window_corner_a,
          co_window_of_opportunity_c, co_window_2corner, co_window_paths_c,
          co_window_broadway_c, co_window_cross_2, co_window_of_opportunity_c,
          co_window_4corner_b, co_window_paths_d, glass_columns_b,
          glass_columns_a, glass_columns_a, glass_columns_b, serial_shops, shop,
          minmay_pentomino_v4, uniq_terence
D:3:      layout_basic

Skill      XL: |  1  2  3  4 |
---------------+-------------+-----
Spellcasting   | 1 |  1.9
Air Magic      | 1 |  1.1
Fighting       | |  3.8
Maces & Flails | |  2.1
Armour         | |  3.5
Shields        | |  3.5

Action                   |  1- 3 |  4- 6 || total
-------------------------+-------+-------++-------
Melee: Flail             |    90 |    21 ||   111
       Staff             |    16 |       ||    16
Armor: Scale mail        |    66 |    29 ||    95
Dodge: Dodged            |    45 |    31 ||    76
Block: Buckler           |    20 |     7 ||    27
